AoeStats
← 大王同学

MegaRandom

504721700Analyzed
4v4 RM · 25d ago on Sep 6, 2026· 43m 52s· 8 players
Game mode
Random Map
Map size
Large (8 player)
Population
200
Speed
Normal
Resources
Standard
Victory
Conquest
Starting age
Dark Age
Ending age
Imperial Age
RankedLock teamsTeams togetherTeam positionsShared explorationLock speedFull tech treeHidden civsTurbo modeCheats
Victory
Defeat
🇨🇳 Japanese · China
1208
+15
🇭🇰 Shu · Hong Kong SAR China
1192
+16
🇨🇳 Burgundians · China
1163
+17
🇮🇳 Vikings · India
1151
+17
🇭🇰 Bohemians · Hong Kong SAR China
1314
-22
🇵🇱 Armenians · Poland
1213
-17
🇨🇳 Mongols · China
1104
-13
🇷🇺 Goths · Russia
1098
-13
88098560
0:53 Loom
11:14 Feudal Age
14:14 Scale Mail Armor
17:40 Horse Collar
17:46 Double-Bit Axe
21:20 Castle Age
19:30 Gold Mining
21:03 Wheelbarrow
21:42 Cavalier
23:03 Scale Barding Armor
26:27 Bow Saw
27:06 Forging
29:14 Gold Shaft Mining
28:45 Heavy Plow
31:10 Chain Barding Armor
31:32 Husbandry
33:32 Fletching
38:47 Imperial Age
36:34 Hand Cart
37:21 Town Watch
38:22 Iron Casting
40:08 Plate Barding Armor
39:30 Bodkin Arrow
40:03 Paladin
41:51 Blast Furnace
40:53 Padded Archer Armor
40:52 Stone Mining
44:13 Two-Man Saw
43:26 Bodkin Arrow
Doge
11:03 Feudal Age
12:01 Double-Bit Axe
14:41 Castle Age
14:28 Loom
16:16 Bow Saw
17:10 Horse Collar
20:29 Gold Mining
22:53 Fervor
24:12 Wheelbarrow
26:19 Hand Cart
26:49 Heavy Plow
31:03 Imperial Age
28:34 Fletching
28:45 Padded Archer Armor
30:05 Gold Shaft Mining
29:20 Stone Mining
29:28 Town Watch
29:21 Crossbowman
30:12 Town Patrol
30:42 Thumb Ring
31:16 Ballistics
32:48 Chemistry
31:10 Arbalester
32:32 Bolt Magazine
32:53 Conscription
33:48 Two-Man Saw
35:40 Caravan
37:44 Bodkin Arrow
38:04 Leather Archer Armor
38:50 Bracer
40:28 Ring Archer Armor
44:03 Siege Engineers
630406632
10:26 Feudal Age
15:17 Castle Age
13:47 Double-Bit Axe
14:18 Horse Collar
16:12 Bow Saw
16:25 Loom
19:23 Arson
23:56 Wheelbarrow
24:25 Gold Mining
25:57 Stone Mining
26:15 Scale Mail Armor
26:56 Fletching
28:04 Heavy Plow
28:06 Fishing Lines
33:06 Imperial Age
31:29 Gold Shaft Mining
31:15 Hand Cart
31:59 Yasama
31:57 Bodkin Arrow
32:02 Guard Tower
33:13 Forging
33:13 Squires
32:59 Gambesons
33:05 Pikeman
34:13 Conscription
34:15 Kataparuto
34:15 Bracer
35:28 Two-Man Saw
35:04 Chain Mail Armor
36:28 Plate Mail Armor
37:04 Chemistry
36:48 Keep
36:35 Ballistics
37:51 Iron Casting
38:00 Caravan
38:55 Halberdier
39:58 Siege Engineers
40:07 Masonry
41:24 Elite Samurai
43:51 Blast Furnace
harshatheloyal
5:00 Loom
12:15 Feudal Age
20:15 Padded Archer Armor
21:06 Fletching
22:31 Stone Mining
27:47 Castle Age
28:34 Horse Collar
28:44 Double-Bit Axe
29:08 Elite Skirmisher
29:48 Town Watch
30:42 Bodkin Arrow
31:02 Leather Archer Armor
34:40 Gold Mining
37:11 Heavy Plow
37:17 Scale Mail Armor
38:10 Gold Shaft Mining
45:11 Imperial Age
Andrey4ik Pudge
12:55 Feudal Age
11:11 Loom
13:20 Horse Collar
20:45 Castle Age
18:38 Double-Bit Axe
19:03 Gold Mining
21:41 Bow Saw
25:30 Heavy Plow
38:07 Anarchy
39:05 Squires
40:53 Forging
40:43 Scale Mail Armor
大王同学
6:50 Loom
9:01 Feudal Age
9:43 Double-Bit Axe
14:20 Fletching
18:06 Horse Collar
19:56 Wheelbarrow
24:25 Castle Age
24:42 Crossbowman
25:17 Bodkin Arrow
26:02 Bow Saw
27:03 Ballistics
27:43 Chemistry
26:47 Padded Archer Armor
28:58 Medium Warships
35:44 Leather Archer Armor
36:38 Sanctity
39:44 Imperial Age
40:16 Hand Cart
39:47 Town Watch
40:37 Bracer
41:08 Ring Archer Armor
41:48 Arbalester
43:25 Scale Mail Armor
43:35 Forging
42:47 Pikeman
43:27 Squires
dusen128371
1:04 Loom
11:44 Feudal Age
16:39 Castle Age
14:46 Double-Bit Axe
17:40 Bow Saw
17:13 Horse Collar
23:00 Fletching
23:10 Padded Archer Armor
24:49 Gold Mining
28:21 Ballistics
28:11 Masonry
28:00 Bodkin Arrow
28:06 Padded Archer Armor
29:01 Wheelbarrow
28:12 Town Watch
29:11 Gold Shaft Mining
29:32 Scale Mail Armor
30:07 Leather Archer Armor
30:54 Hand Cart
30:22 Man-at-Arms
30:47 Gambesons
31:57 Squires
31:42 Arson
31:18 Long Swordsman
35:37 Imperial Age
33:46 Two-Handed Swordsman
35:09 Champion
36:39 Chain Mail Armor
36:34 Forging
36:28 Bracer
36:59 Ring Archer Armor
36:00 Capped Ram
37:35 Fereters
37:51 Conscription
38:10 Fereters
38:50 Plate Mail Armor
38:57 Iron Casting
小离爱吃糖
10:30 Feudal Age
16:53 Castle Age
16:00 Double-Bit Axe
15:59 Horse Collar
24:05 Heavy Plow
24:18 Bow Saw
24:02 Gold Mining
24:06 Stone Mining
27:51 Gold Shaft Mining
30:24 Imperial Age
27:52 Loom
28:00 Fletching
29:39 Bodkin Arrow
31:24 Wheelbarrow
30:52 Padded Archer Armor
31:28 Bloodlines
32:51 Murder Holes
33:16 Ballistics
34:37 Stone Shaft Mining
36:21 Chemistry
36:14 Herbal Medicine
36:22 Devotion
36:34 Fervor
36:29 Atonement
36:53 Hand Cart
37:49 Husbandry
37:59 Siege Engineers
39:48 Leather Archer Armor
39:34 Bracer
39:52 Masonry
42:38 Elite Mangudai
43:41 Drill
43:22 Nomads
44:01 Hoardings
Connection lost

Rejoining the realm…

Still unreachable

The connection could not be restored.

Session expired

The server has moved on; the page needs a fresh start.